 Dungeon Crawl Stone Soup version 0.22.1-2-g9c5b331383 (webtiles) character file.

11894 Peloso the Carver (level 11, 0/95 HPs)
             Began as a Minotaur Fighter on Jan 1, 2019.
             Was a High Priest of Okawaru.
             Slain by a manticore (11 damage)
             ... on level 12 of the Dungeon.
             The game lasted 00:21:20 (8914 turns).

Peloso the Carver (Minotaur Fighter)                Turns: 8914, Time: 00:21:20

Health: 0/95       AC: 17    Str: 27    XL:     11   Next: 55%
Magic:  11/11      EV:  9    Int:  5    God:    Okawaru [*****.]
Gold:   612        SH: 14    Dex: 16    Spells: 10/10 levels left

rFire    . . .     SeeInvis .   a - +0 scimitar (flame)
rCold    + . .     Gourm    .   c - +0 shield
rNeg     . . .     Faith    .   I - +0 plate armour
rPois    .         Spirit   .   (helmet restricted)
rElec    .         Reflect  .   H - scarf {repulsion}
rCorr    +         Harm     .   d - +1 pair of gloves of Orthodoxy {rCorr Str+5 Slay+2}
MR       .....                  (no boots)
Stlth    ..........             (no amulet)
HPRegen  0.25/turn              r - ring of protection from cold
MPRegen  0.12/turn              N - +4 ring of dexterity

@: barbed spikes, repel missiles
A: retaliatory headbutt, horns 2
a: Heroism, Finesse, Renounce Religion


You were on level 12 of the Dungeon.
You worshipped Okawaru.
Okawaru was extremely pleased with you.
You were hungry.

You visited 1 branch of the dungeon, and saw 12 of its levels.

You collected 612 gold pieces.

Inventory:

Hand Weapons
 a - a +0 scimitar of flaming (weapon)
 F - the +9 spear "Xerua" {pierce, rF+ rN+ Dex-4}
   (You found it on level 7 of the Dungeon)

   It inflicts extra damage upon your enemies.
   It affects your dexterity (-4).
   It protects you from fire.
   It protects you from negative energy.
Armour
 b - a +0 scale mail
 c - a +0 shield (worn)
 d - the +1 pair of gloves of Orthodoxy (worn) {rCorr Str+5 Slay+2}
   (Okawaru gifted it to you on level 10 of the Dungeon)

   It affects your strength (+5).
   It affects your accuracy and damage with ranged weapons and melee attacks
   (+2).
   It provides partial protection from all sources of acid and corrosion.
 i - a +0 chain mail
 z - a scarf of spirit shield
 H - a scarf of repulsion (worn)
 I - a +0 plate armour (worn)
 K - a +2 pair of gloves of strength
Jewellery
 j - a +2 ring of evasion
 r - a ring of protection from cold (left hand)
 w - a +3 ring of dexterity
 N - a +4 ring of dexterity (right hand)
Wands
 k - a wand of acid (8)
 y - a wand of flame (22)
 C - a wand of digging (25)
 E - a wand of enslavement (12)
Scrolls
 e - 5 scrolls of remove curse
 l - 4 scrolls of magic mapping
 m - a scroll of noise
 n - 3 scrolls of teleportation {unknown}
 o - a scroll of immolation {unknown}
 q - 2 scrolls of enchant weapon {unknown}
 s - a scroll of blinking {unknown}
 x - 3 scrolls of amnesia {unknown}
 B - a scroll of fog
 G - a scroll of identify
 L - a scroll of enchant armour
Potions
 g - a potion of mutation
 h - 3 potions of heal wounds
 p - 5 potions of curing
 t - 2 potions of agility
 u - 2 potions of magic
 v - 2 potions of ambrosia
 A - 2 potions of cancellation
Comestibles
 f - 23 rations


   Skills:
 + Level 8.5 Fighting
 + Level 12.6 Long Blades
 + Level 10.7 Armour
 + Level 3.6 Dodging
 + Level 1.1 Stealth
 + Level 12.1 Shields
 + Level 1.1 Invocations
 + Level 1.6 Evocations


You had 10 spell levels left.
You didn't know any spells.
Your spell library contained the following spells:

 Spells                   Type           Power        Failure   Level  Hunger
 Animate Skeleton         Necr           N/A          100%        1    ##.....
 Apportation              Tloc           #.....       100%        1    ##.....
 Confusing Touch          Hex            #.....       100%        1    ##.....
 Freeze                   Ice            #...         100%        1    ##.....
 Summon Small Mammal      Summ           #...         100%        1    ##.....
 Throw Frost              Conj/Ice       #.....       100%        2    ###....
 Ozocubu's Armour         Chrm/Ice       #.......     100%        3    ####...
 Summon Ice Beast         Ice/Summ       #.......     100%        4    #####..
 Throw Icicle             Conj/Ice       #.......     100%        4    #####..


Dungeon Overview and Level Annotations

Branches:
Dungeon (12/15)            Temple (0/1) D:4            Lair (0/6) D:9
    Orc (0/2) D:10

Altars:
Ashenzari
Elyvilon
Gozag
Hepliaklqana
Kikubaaqudgha
Nemelex Xobeh
Okawaru
Sif Muna
Vehumet
Zin
The Shining One


Innate Abilities, Weirdness & Mutations

You reflexively headbutt those who attack you in melee.
You have a pair of horns on your head.


Message History

The manticore bites you but does no damage.
You block the manticore's attack.
The manticore claws you but does no damage.
Unknown command.
You closely miss the manticore. You hit the manticore but do no damage.
The manticore bites you but does no damage.
The manticore claws you but does no damage. x2
You hit the manticore but do no damage.
You headbutt the manticore, but do no damage.
The manticore bites you!
* * * LOW HITPOINT WARNING * * *
The manticore claws you but does no damage.
The manticore claws you!
* * * LOW HITPOINT WARNING * * *
You hit the manticore. You burn the manticore.
Your headbutt misses the manticore.
The manticore is lightly wounded.
The manticore bites you!
You die...

#........... .#
#...........
...#...$.......
.#.............
...............
...# #.....#
#... #...###
#...#..H#
#...<†@#
.......####
#!..... ###....
###.. ##. .. ..


You could see a manticore.

Vanquished Creatures
  3 two-headed ogres
  An unseen horror (D:11)
  A cyclops (D:11)
  A troll (D:10)
  A hornet (D:11)
  Prince Ribbit (D:7)
  A hippogriff (D:12)
  A wraith (D:11)
  5 yaks (D:12)
  2 wyverns (D:11)
  Eustachio (D:4)
  3 hungry ghosts
  2 water moccasins
  A hornet zombie (D:10)
  6 orc warriors
  A black bear (D:8)
  2 phantoms
  2 ice beasts
  A sky beast (D:11)
  An eye of draining (D:11)
  A necrophage (D:8)
  14 centaurs
  6 ogres
  3 big kobolds
  5 bullfrogs
  3 scorpions
  6 killer bees
  5 wights (D:11)
  7 crimson imps
  2 centaur zombies
  3 jellies
  9 orc priests
  4 centaur skeletons
  5 worker ants
  17 orc wizards
  3 hound skeletons
  A worker ant zombie (D:10)
  Robin (D:3)
  4 gnolls (D:3)
  9 adders
  A howler monkey skeleton (D:9)
  4 shadow imps
  2 oozes
  3 worms
  2 dart slugs
  4 leopard geckos
  42 orcs
  3 giant cockroaches
  21 goblins
  7 hobgoblins
  9 jackals
  4 quokkas
  8 bats
  3 frilled lizards
  13 kobolds
  7 rats
278 creatures vanquished.

Notes
Turn   | Place    | Note
-------+----------+-------------------------------------------
     0 | D:1      | Peloso the Minotaur Fighter began the quest for the Orb.
     0 | D:1      | Reached XP level 1. HP: 19/19 MP: 0/0
    38 | D:1      | Reached XP level 2. HP: 27/27 MP: 1/1
   581 | D:2      | Reached XP level 3. HP: 32/34 MP: 2/2
  1492 | D:3      | Found an iron altar of Okawaru.
  1499 | D:3      | Became a worshipper of Warmaster Okawaru
  1561 | D:3      | Reached XP level 4. HP: 41/41 MP: 3/3
  1582 | D:3      | Found a white marble altar of Elyvilon.
  2150 | D:3      | Found a glowing golden altar of the Shining One.
  2150 | D:3      | Found an ancient bone altar of Kikubaaqudgha.
  2153 | D:3      | Reached XP level 5. HP: 45/47 MP: 4/4
  2287 | D:3      | Noticed Robin
  2305 | D:3      | Killed Robin
  2310 | D:3      | Reached skill level 5 in Shields
  2413 | D:3      | Found a deep blue altar of Sif Muna.
  2588 | D:4      | Noticed a phantom
  2665 | D:4      | Reached skill level 5 in Armour
  2665 | D:4      | Reached XP level 6. HP: 26/55 MP: 5/5
  2667 | D:4      | Reached * piety under Okawaru
  2667 | D:4      | Reached skill level 5 in Fighting
  2921 | D:4      | Noticed Eustachio
  2942 | D:4      | Killed Eustachio
  2942 | D:4      | Reached skill level 5 in Long Blades
  2953 | D:4      | Found a staircase to the Ecumenical Temple.
  2980 | D:4      | Found a sparkling altar of Nemelex Xobeh.
  3000 | D:4      | Found a hazy altar of Hepliaklqana.
  3059 | D:4      | Reached XP level 7. HP: 56/61 MP: 6/6
  3153 | D:4      | Reached ** piety under Okawaru
  3305 | D:5      | Entered Level 5 of the Dungeon
  3378 | D:5      | Found an opulent altar of Gozag.
  3469 | D:5      | Found a shattered altar of Ashenzari.
  3770 | D:5      | Reached XP level 8. HP: 40/68 MP: 4/7
  4106 | D:5      | Found a radiant altar of Vehumet.
  4180 | D:6      | Reached *** piety under Okawaru
  4611 | D:6      | Reached skill level 1 in Dodging
  4763 | D:6      | Found a glowing silver altar of Zin.
  5247 | D:7      | Noticed Prince Ribbit
  5267 | D:7      | Killed Prince Ribbit
  5267 | D:7      | Reached XP level 9. HP: 73/75 MP: 5/8
  5273 | D:7      | Got a scorched spear
  5274 | D:7      | Identified the +9 spear "Xerua" {pierce, rF+ rN+ Dex-4}
                  | (You found it on level 7 of the Dungeon)
  5411 | D:8      | Reached **** piety under Okawaru
  5839 | D:8      | You fall through a shaft!
  6099 | D:9      | Found a staircase to the Lair.
  6284 | D:9      | Noticed a two-headed ogre
  6292 | D:9      | Killed a two-headed ogre
  6292 | D:9      | Reached skill level 10 in Long Blades
  6292 | D:9      | Reached skill level 1 in Invocations
  6324 | D:9      | Noticed a two-headed ogre
  6331 | D:9      | Killed a two-headed ogre
  6331 | D:9      | Reached XP level 10. HP: 86/86 MP: 9/9
  6339 | D:9      | Reached ***** piety under Okawaru
  6339 | D:9      | Reached skill level 1 in Evocations
  7074 | D:10     | Entered Level 10 of the Dungeon
  7311 | D:10     | Reached skill level 10 in Shields
  7377 | D:10     | Noticed a two-headed ogre
  7389 | D:10     | Killed a two-headed ogre
  7389 | D:10     | Received a gift from Okawaru
  7395 | D:10     | Reached skill level 1 in Stealth
  7411 | D:10     | Got a pair of distressingly furry gloves {god gift}
  7417 | D:10     | Identified the +1 pair of gloves of Orthodoxy {rCorr Str+5
                  | Slay+2} (Okawaru gifted it to you on level 10 of the
                  | Dungeon)
  7732 | D:10     | Reached skill level 10 in Armour
  7735 | D:10     | Found a staircase to the Orcish Mines.
  8280 | D:11     | Reached XP level 11. HP: 58/94 MP: 11/11
  8602 | D:11     | Killed an unseen horror
  8904 | D:12     | Received a gift from Okawaru
  8914 | D:12     | Slain by a manticore

Skill      XL: |  1  2  3  4  5  6  7  8  9 10 11 |
---------------+----------------------------------+-----
Fighting       | 4 5 6 7 8 |  8.5
Armour         | 4 5 6 7 9 10 | 10.7
Shields        | 4 5 7 8 9 10 12 | 12.1
Long Blades    | 3 4 5 6 8 10 11 12 | 12.6
Dodging        | 1 2 3 |  3.6
Invocations    | 1 |  1.1
Evocations     | 1 |  1.6
Stealth        | 1 |  1.1

Action                   |  1- 3 |  4- 6 |  7- 9 | 10-12 || total
-------------------------+-------+-------+-------+-------++-------
Melee: Long sword        |   102 |   152 |   285 |   135 ||   674
       Headbutt          |    23 |    36 |    86 |    97 ||   242
       Scimitar          |       |       |       |   207 ||   207
Invok: Heroism           |       |       |     6 |     1 ||     7
Evoke: Wand              |       |       |     7 |       ||     7
  Use: Potion            |       |     1 |       |     4 ||     5
       Scroll            |       |       |     7 |     7 ||    14
  Eat: Chunk             |     1 |     6 |    11 |    10 ||    28
Armor: Scale mail        |     5 |       |       |       ||     5
       Chain mail        |    51 |    75 |    71 |    71 ||   268
       Plate armour      |       |       |       |    96 ||    96
Dodge: Dodged            |    29 |    51 |    60 |   116 ||   256
       Deflected         |       |       |       |    16 ||    16
Block: Shield            |    57 |    85 |   135 |   247 ||   524
       Rpst.: Long sword |     6 |    11 |    22 |    17 ||    56
       Scimitar          |       |       |       |    13 ||    13
